 Dungeon Crawl Stone Soup version 0.21-a0-404-g291f19a (webtiles) character file.

51 nReaper the Grasshopper (level 3, -8/33 HPs)
             Began as a Naga Warper on Oct 29, 2017.
             Killed by a distortion unwield (41 damage)
             ... on level 3 of the Dungeon.
             The game lasted 00:18:30 (2391 turns).

nReaper the Grasshopper (Naga Warper)               Turns: 2391, Time: 00:18:31

Health: -8/33      AC:  4    Str: 14    XL:     3   Next: 83%
Magic:  6/6        EV:  7    Int: 13    God:
Gold:   136        SH:  0    Dex: 10    Spells: 6/6 levels left

rFire    . . .     SeeInvis +   (no weapon)
rCold    . . .     Gourm    .   (no shield)
rNeg     . . .     Faith    .   j - +0 scale mail
rPois    +         Spirit   .   (no helmet)
rElec    .         Reflect  .   (no cloak)
rCorr    .         Harm     .   (no gloves)
MR       .....                  (no barding)
Stlth    ..........             (no amulet)
HPRegen  0.11/turn              (no ring)
MPRegen  0.10/turn              (no ring)

@: very slow
A: see invisible, deformed body, poison resistance, slowness 2, slow metabolism
1, spit poison 1, AC +1
a: Spit Poison


You were on level 3 of the Dungeon.
You were not hungry.

You visited 1 branch of the dungeon, and saw 3 of its levels.

You collected 136 gold pieces.

Inventory:

Hand Weapons
 a - a +0 mace
 b - a +0 rapier
 t - a +1 dagger of distortion
 A - a +2 short sword of holy wrath
Missiles
 e - 5 tomahawks of dispersal (quivered)
 g - 11 poisoned needles
 h - 60 arrows
 o - 16 stones
Armour
 j - a +0 scale mail (worn)
 q - a +0 ring mail
Jewellery
 u - a +3 amulet of reflection {unknown}
Wands
 p - a wand of flame (21/48)
Scrolls
 d - a scroll of blinking
 k - 3 scrolls of remove curse {unknown}
 l - 5 scrolls of identify {unknown}
 n - 2 scrolls of teleportation {unknown}
 r - a scroll of recharging {unknown}
 s - 2 scrolls of fear {unknown}
 y - a scroll of enchant armour {unknown}
Potions
 i - a potion of degeneration {unknown}
 m - 2 potions of curing {unknown}
 v - a potion of ambrosia {unknown}
 x - a potion of lignification {unknown}
 z - a potion of resistance {unknown}
Books
 c - a book of Spatial Translocations

   Spells                             Type                      Level
   a - Blink                          Translocation                2
   b - Shroud of Golubria             Charms/Translocation         2
   c - Lesser Beckoning               Translocation                3
   d - Gell's Gravitas                Translocation                3
   e - Teleport Other                 Translocation                3
   f - Passage of Golubria            Translocation                4
Comestibles
 f - 3 bread rations
 w - a meat ration


   Skills:
 + Level 2.8 Fighting
 + Level 0.2 Short Blades
 + Level 2.5 Maces & Flails
 + Level 0.8 Throwing
 + Level 1.4 Armour
 + Level 1.5 Dodging
 + Level 0.1 Stealth
 + Level 2.3 Spellcasting
   Level 3.0 Translocations


You had 6 spell levels left.
You didn't know any spells.

Dungeon Overview and Level Annotations

Branches:
Dungeon (3/15)

Altars:
Elyvilon
Gozag
Sif Muna
Trog
Yredelemnul


Innate Abilities, Weirdness & Mutations

You cannot wear boots.
Your serpentine skin is tough. (AC +1)
You have supernaturally acute eyesight. (SInv)
Armour fits poorly on your strangely shaped body.
Your system is resistant to poisons. (rPois)
You cover ground very slowly.
You have a slow metabolism.
You can spit poison.


Message History

You open the door. You open the door.
There is an open door here.
There is an open door here.
k - 3 scrolls labeled YCEMPIMONO (gained 1)
A giant cockroach comes into view.
The giant cockroach bites you. The giant cockroach barely misses you.
You hit the giant cockroach but do no damage.
Space warps horribly around the giant cockroach!
You kill the giant cockroach!
y - a scroll labeled DIOKHO SURA
Found a runed short sword.
You see here a runed short sword.
A - a runed short sword Really unwield
t - a +1 dagger of distortion?
Uppercase [Y]es or [N]o only, please.
Really unwield
t - a +1 dagger of distortion?
You are crushed and pinned by an extremely strong localised spatial distortion!
Ouch! That really hurt!
You die...

###### #....# #.##.#
#.##.# . #.##.#
#.##.... #.##.# ....
.....############.##.#
....
.......@..........##.#
####..#
.###################.##
......###.....
..##...........# #
#..........
#.##.###########
###........# .# #.##.#
>.)........##.###.##.#
##.........##...#.##.#
##.........##...#.##.#
....#......##...#.##.#


There were no monsters in sight!

Vanquished Creatures
  4 oozes
  A leopard gecko (D:2)
  A giant cockroach (D:3)
  7 goblins
  4 hobgoblins
  3 kobolds
  A quokka (D:2)
  A ball python (D:1)
  3 bats
  2 frilled lizards
  7 rats
34 creatures vanquished.

Notes
Turn   | Place    | Note
-------+----------+-------------------------------------------
     0 | D:1      | nReaper the Naga Warper began the quest for the Orb.
     0 | D:1      | Reached XP level 1. HP: 19/19 MP: 3/3
   245 | D:1      | Reached XP level 2. HP: 17/26 MP: 5/5
   252 | D:1      | Reached skill level 1 in Armour
   977 | D:1      | Reached XP level 3. HP: 26/32 MP: 6/6
  1322 | D:2      | Found a bloodstained altar of Trog.
  1344 | D:2      | Found a basalt altar of Yredelemnul.
  1344 | D:2      | Found a deep blue altar of Sif Muna.
  1347 | D:2      | Found an opulent altar of Gozag.
  2307 | D:3      | Found a white marble altar of Elyvilon.
  2391 | D:3      | Killed by a distortion unwield

Vault maps used:
D:1:      lemuel_arrival_hallway
D:2:      grunt_temple_overflow_open, kennysheep_generic_room_14
D:3:      minmay_misc_feat_rugged, minmay_misc_feat_alley, elyvilon_altar_4

Skill      XL: |  1  2 |
---------------+-------+-----
Armour         | 1 |  1.4
Fighting       | |  2.8
Short Blades   | |  0.2
Maces & Flails | |  2.5
Throwing       | |  0.8
Dodging        | |  1.5
Stealth        | |  0.1
Spellcasting   | |  2.3
Translocations | |  3.0

Action                   || total
-------------------------++-------
Melee: Mace              ||    51
       Rapier            ||    23
       Dagger            ||    12
  Eat: Chunk             ||     2
       Meat ration       ||     1
Armor: Leather armour    ||    11
       Scale mail        ||    22
Dodge: Dodged            ||    42

Table legend:
 A = Spawn XP
 B = Non-spawn XP
 C = Spawn XP percentage of total XP
 D = Spawn monster count
 E = Non-spawn monster count
 F = Spawn count percentage of total count
 G = Total turns spent on level
                    A         B        C        D         E        F      G
               +---------+---------+-------+---------+---------+-------+---------
         Total |       0 |      74 |   0.0 |       0 |      34 |   0.0 |  2391
               +---------+---------+-------+---------+---------+-------+---------
           D:1 |       0 |      37 |   0.0 |       0 |      19 |   0.0 |  1063
           D:2 |       0 |      22 |   0.0 |       0 |      10 |   0.0 |  1186
           D:3 |       0 |      15 |   0.0 |       0 |       5 |   0.0 |   142
               +---------+---------+-------+---------+---------+-------+---------
